[ AOE2 MATCH · #506575299 ]
UnrankedAztecs vs Aztecs
Player's team · LOSS
Rival team · WIN
[ REPLAY ANALYSIS · EXTRACTED FROM THE RECORDED GAME ]
Feudal
11:38
Castle
—
Imperial
—
| APM avg | 40.6 |
| APM peak | 60 |
| eAPM avg | 12.1 |
| Villagers / military | 27 / 8 |
Focus
⚔️ 18.6% · 🌾 81.4%
Skirmisher ×7 · Archer ×1
Feudal
10:53
Castle
—
Imperial
—
| APM avg | 66.9 |
| APM peak | 87 |
| eAPM avg | 31.0 |
| Villagers / military | 23 / 16 |
Focus
⚔️ 45.6% · 🌾 54.4%
Militia ×8 · Archer ×4 · Skirmisher ×3 · Spearman ×1
Match map
Initial resources + every placement click. Lines = walls · curves = elevation contours. ◆ gold · ⬟ stone · ● berries · ✦ relic · ◌ wall gap
Your base· ✓ Closed at 12:00 · 1t walls · 1 gate(s)
Philippvs II's base· Open — 5t gap
Smoothed initial terrain · ◌ = detected wall gap · hover for details
Inputs per minute
— Jazzmushroom - - Philippvs II
Build order — Jazzmushroom
61 actions detected in the replay
| 0:00 | Queue | Villager (Male) |
| 0:01 | Queue | Villager (Male) |
| 0:01 | Queue | Villager (Male) |
| 0:02 | Build | House |
| 0:05 | Build | House |
| 0:44 | Queue | Villager (Male) |
| 1:23 | Queue | Villager (Male) |
| 1:56 | Queue | Villager (Male) |
| 2:14 | Build | Lumber Camp |
| 2:28 | Queue | Villager (Male) |
| 2:28 | Queue | Villager (Male) |
| 3:06 | Queue | Villager (Male) |
| 3:46 | Queue | Villager (Male) |
| 3:46 | Queue | Villager (Male) |
| 3:49 | Build | House |
| 3:51 | Build | House |
| 3:52 | Build | House |
| 4:33 | Queue | Villager (Male) |
| 4:42 | Queue | Villager (Male) |
| 4:59 | Build | Palisade Gate |
| 5:03 | Queue | Villager (Male) |
| 5:35 | Build | House |
| 5:36 | Build | House |
| 6:00 | Queue | Villager (Male) |
| 6:00 | Queue | Villager (Male) |
| 6:01 | Queue | Villager (Male) |
| 6:40 | Build | House |
| 6:42 | Build | House |
| 7:00 | Queue | Villager (Male) |
| 7:23 | Build | Mill |
| 7:28 | Research | Loom |
| 7:36 | Build | House |
| 7:40 | Build | House |
| 8:11 | Queue | Villager (Male) |
| 8:33 | Queue | Villager (Male) |
| 9:03 | Queue | Villager (Male) |
| 9:16 | Research | Feudal Age |
| 10:49 | Build | Farm |
| 11:06 | Build | Barracks |
| 11:34 | Build | Palisade Wall |
| 11:38 | Age | Feudal Age |
| 11:44 | Build | Archery Range |
| 11:52 | Build | Archery Range |
| 12:10 | Build | Palisade Wall |
| 12:20 | Research | Man-at-Arms (upgrade) |
| 12:22 | Queue | Archer |
| 12:34 | Queue | Skirmisher |
| 12:35 | Queue | Skirmisher |
| 12:35 | Queue | Skirmisher |
| 12:45 | Queue | Villager (Male) |
| 12:45 | Queue | Villager (Male) |
| 12:45 | Queue | Villager (Male) |
| 12:48 | Research | Double-Bit Axe |
| 13:59 | Queue | Skirmisher |
| 13:59 | Queue | Skirmisher |
| 14:01 | Queue | Villager (Male) |
| 14:01 | Queue | Villager (Male) |
| 14:06 | Build | Farm |
| 14:26 | Queue | Skirmisher |
| 14:26 | Queue | Skirmisher |
| 14:33 | Queue | Villager (Male) |
Build order — Philippvs II
62 actions detected in the replay
| 0:00 | Research | Loom |
| 0:01 | Queue | Villager (Male) |
| 0:01 | Queue | Villager (Male) |
| 0:05 | Build | House |
| 0:06 | Build | House |
| 0:09 | Queue | Villager (Male) |
| 0:09 | Queue | Villager (Male) |
| 0:22 | Build | House |
| 1:48 | Queue | Villager (Male) |
| 2:26 | Queue | Villager (Male) |
| 2:27 | Queue | Villager (Male) |
| 2:43 | Build | House |
| 2:53 | Build | Barracks |
| 2:56 | Queue | Villager (Male) |
| 3:24 | Build | House |
| 3:26 | Queue | Villager (Male) |
| 3:42 | Queue | Villager (Male) |
| 4:03 | Queue | Militia |
| 4:03 | Queue | Militia |
| 4:21 | Queue | Militia |
| 4:25 | Queue | Villager (Male) |
| 4:51 | Queue | Militia |
| 4:52 | Queue | Militia |
| 5:10 | Queue | Militia |
| 5:28 | Queue | Villager (Male) |
| 5:50 | Queue | Villager (Male) |
| 6:20 | Queue | Villager (Male) |
| 6:41 | Queue | Villager (Male) |
| 7:07 | Build | Lumber Camp |
| 7:08 | Queue | Villager (Male) |
| 7:24 | Queue | Villager (Male) |
| 8:12 | Build | Outpost |
| 8:43 | Research | Feudal Age |
| 9:17 | Build | Mining Camp |
| 9:21 | Build | House |
| 9:47 | Queue | Militia |
| 9:56 | Build | Mining Camp |
| 10:44 | Build | House |
| 10:45 | Queue | Militia |
| 10:53 | Age | Feudal Age |
| 10:56 | Build | Archery Range |
| 11:07 | Research | Man-at-Arms (upgrade) |
| 11:16 | Build | Watch Tower |
| 11:26 | Queue | Villager (Male) |
| 11:27 | Queue | Villager (Male) |
| 11:46 | Queue | Archer |
| 12:17 | Queue | Skirmisher |
| 12:21 | Queue | Villager (Male) |
| 12:22 | Queue | Villager (Male) |
| 12:40 | Queue | Spearman |
| 12:49 | Queue | Archer |
| 13:33 | Queue | Archer |
| 13:59 | Queue | Skirmisher |
| 14:04 | Build | Palisade Wall |
| 14:04 | Build | Palisade Wall |
| 14:05 | Build | Palisade Wall |
| 14:06 | Build | Palisade Wall |
| 14:09 | Queue | Archer |
| 14:09 | Queue | Skirmisher |
| 14:14 | Queue | Villager (Male) |
| 14:15 | Queue | Villager (Male) |
| 14:18 | Build | Mill |
Match timeline
| 2:53 | Philippvs II · first_building Barracks |
| 10:53 | Philippvs II · age_up feudal |
| 10:56 | Philippvs II · first_building Archery Range |
| 11:06 | Jazzmushroom · first_building Barracks |
| 11:34 | Jazzmushroom · wall_segment Palisade Wall x1 |
| 11:38 | Jazzmushroom · age_up feudal |
| 11:44 | Jazzmushroom · first_building Archery Range |
| 12:10 | Jazzmushroom · wall_segment Palisade Wall x1 |
| 14:04 | Philippvs II · wall_segment Palisade Wall x3 |
| 14:04 | Philippvs II · wall_segment Palisade Wall x3 |
| 14:05 | Philippvs II · wall_segment Palisade Wall x3 |
| 14:06 | Philippvs II · wall_segment Palisade Wall x1 |
| 14:45 | Jazzmushroom · resign |
[ AI ANALYSIS · 1 CREDIT ]
What really happened in this match?
Wolo.gg analyzes every decision: build order, eco, micro, common mistakes by bracket. Personalized analysis on WhatsApp or Discord in 30 seconds.
Civ guide
Aztecs
Perfil
Jugador #23542072